 Dungeon Crawl Stone Soup version 0.22.1-1-ga44c0e56f4 (webtiles) character file.

7820 Morbidden the Blocker (level 11, -3/89 HPs)
             Began as a Gnoll Fighter on Oct 29, 2018.
             Was an Elder of Okawaru.
             Hit by a large rock thrown by a cyclops (19 damage)
             ... on level 9 of the Dungeon.
             The game lasted 00:12:12 (6596 turns).

Morbidden the Blocker (Gnoll Fighter)               Turns: 6596, Time: 00:12:13

Health: -3/89      AC: 14    Str: 19    XL:     11   Next: 21%
Magic:  29/29      EV: 10    Int: 16    God:    Okawaru [****..]
Gold:   370        SH: 14    Dex: 15    Spells: 22/22 levels left

rFire    + . .     SeeInvis .   G - +10 long sword "Paropp" {elec, -Tele MR+ Int+3}
rCold    + . .     Gourm    .   c - +1 shield
rNeg     . . .     Faith    .   w - +2 chain mail {rF+}
rPois    .         Spirit   .   m - +0 helmet
rElec    .         Reflect  +   a - scarf {cloud immunity}
rCorr    .         Harm     .   (no gloves)
MR       +....     NoTele   +   (no boots)
Stlth    ..........             J - +2 amulet of reflection
HPRegen  0.24/turn              p - ring of protection from cold
MPRegen  0.21/turn              H - ring of magical power

@: drained
A: distributed training, fangs 1, strong nose
a: Heroism, Renounce Religion


You were on level 9 of the Dungeon.
You worshipped Okawaru.
Okawaru was greatly pleased with you.
You were not hungry.

You visited 1 branch of the dungeon, and saw 9 of its levels.
You also visited: Ossuary.

You collected 370 gold pieces.

Inventory:

Hand Weapons
 G - the +10 long sword "Paropp" (weapon) {elec, -Tele MR+ Int+3}
   (You found it on level 8 of the Dungeon)

   Occasionally, upon striking a foe, it will discharge some electrical energy
   and cause terrible harm.
   It affects your intelligence (+3).
   It affects your resistance to hostile enchantments.
   It prevents most forms of teleportation.
 K - a +2 war axe of electrocution
Armour
 a - a scarf of cloud immunity (worn)
 c - a +1 shield (worn)
 m - a +0 helmet (worn)
 w - a +2 chain mail of fire resistance (worn)
Jewellery
 p - a ring of protection from cold (left hand)
 t - an uncursed ring of flight
 H - a ring of magical power (right hand)
 J - a +2 amulet of reflection (around neck)
Wands
 l - a wand of flame (9)
 C - a wand of polymorph (13)
 F - a wand of iceblast (6)
Scrolls
 e - 8 scrolls of teleportation {unknown}
 i - 7 scrolls of remove curse
 j - a scroll of noise {unknown}
 o - 5 scrolls of enchant armour
 u - a scroll of identify
 x - 2 scrolls of fear {unknown}
 y - a scroll of acquirement {unknown}
 E - 2 scrolls of amnesia {unknown}
 I - 3 scrolls of magic mapping {unknown}
Potions
 b - 2 potions of mutation {unknown}
 d - a potion of might
 g - 2 potions of berserk rage
 h - 6 potions of curing
 k - 3 potions of heal wounds
 n - a potion of lignification
 q - 3 potions of haste
 s - 2 potions of cancellation
 v - 3 potions of agility
 z - a potion of degeneration {unknown}
 A - a potion of ambrosia
 B - a potion of flight
 D - 2 potions of magic
Comestibles
 f - 8 rations
 r - 2 chunks of flesh


   Skills:
 + Level 9.2(9.0) Fighting
 + Level 6.3(6.2) Short Blades
 + Level 6.3(6.2) Long Blades
 + Level 7.9(7.7) Axes
 + Level 6.3(6.2) Maces & Flails
 + Level 6.3(6.2) Polearms
 + Level 6.3(6.2) Staves
 + Level 6.3(6.2) Slings
 + Level 6.3(6.2) Bows
 + Level 6.3(6.2) Crossbows
 + Level 6.3(6.2) Throwing
 + Level 9.2(9.0) Armour
 + Level 6.3(6.2) Dodging
 + Level 6.3(6.2) Stealth
 + Level 9.2(9.0) Shields
 + Level 6.3(6.2) Unarmed Combat
 + Level 6.3(6.2) Spellcasting
 + Level 5.2(5.1) Conjurations
 + Level 5.2(5.1) Hexes
 + Level 5.2(5.1) Charms
 + Level 5.2(5.1) Summonings
 + Level 5.2(5.1) Necromancy
 + Level 5.2(5.1) Translocations
 + Level 5.2(5.1) Transmutations
 + Level 5.2(5.1) Fire Magic
 + Level 5.2(5.1) Ice Magic
 + Level 5.2(5.1) Air Magic
 + Level 5.2(5.1) Earth Magic
 + Level 5.2(5.1) Poison Magic
 + Level 6.9(6.8) Invocations
 + Level 6.3(6.2) Evocations


You had 22 spell levels left.
You didn't know any spells.
Your spell library was empty.

Dungeon Overview and Level Annotations

Branches:
Dungeon (9/15)             Temple (0/1) D:7            Lair (0/6) D:8
    Orc: D:9-12

Altars:
Dithmenos
Elyvilon
Hepliaklqana
Makhleb
Okawaru
Qazlal
Trog
Uskayaw
Wu Jian
The Shining One

Shops:
D:8 !


Innate Abilities, Weirdness & Mutations

Your experience applies equally to all skills.
You have very sharp teeth.
Your uncanny sense of smell can sniff out nearby items.


Message History

* * * LOW HITPOINT WARNING * * *
There is a stone staircase leading up here.
You see here an arrow.
The centaur shoots an arrow.
You reflect the arrow off an invisible shield around you!
The arrow hits the centaur!
The centaur dies!
You climb upwards.
There is a stone staircase leading down here.
Unknown command.
Unknown command.
Unknown command.
You climb downwards.
The cyclops throws a large rock.
You reflect the large rock off an invisible shield around you!
The large rock hits the cyclops!!
There is a stone staircase leading up here.
You see here an arrow.
Unknown command.
The cyclops throws a large rock.
The large rock hits you!!
You die...

#..# ..# #..+ ..#
######..#+#..#
#..........(#
#......<.C(.#
#....[....+.....+
#.[..(....##..###
#....(....# #...
+...@.....# .....
#.........# ...C
##+######## .c. ∆
... ∆


You could see a cyclops.

Vanquished Creatures
  Psyche (D:8)
  A komodo dragon (D:8)
  Grinder (D:6)
  A hippogriff (D:7)
  Menkaure (D:5)
  A hungry ghost (D:8)
  Edmund (D:6)
  3 orc warriors
  4 ice beasts
  3 phantoms
  A hornet zombie (Ossuary)
  A sky beast (D:7)
  2 ogres (D:5)
  3 centaurs
  5 bullfrogs
  2 water moccasin zombies
  A scorpion (D:8)
  3 killer bees (D:9)
  8 wights
  2 howler monkeys
  4 crimson imps
  4 centaur zombies (Ossuary)
  3 bullfrog zombies (Ossuary)
  5 orc priests
  Crazy Yiuf (D:5)
  A gnoll shaman (D:7)
  10 orc wizards
  3 bullfrog skeletons
  A centaur skeleton (D:6)
  2 iguanas
  2 worker ants (D:4)
  A killer bee zombie (D:7)
  2 hound zombies (Ossuary)
  A hound skeleton (D:5)
  12 mummies (Ossuary)
  A howler monkey zombie (Ossuary)
  2 worker ant zombies
  A howler monkey skeleton (D:5)
  10 adders
  4 gnolls (D:7)
  3 oozes
  5 adder zombies
  A worm (D:4)
  4 dart slugs
  4 leopard geckos
  25 orcs
  4 giant cockroaches
  6 goblins
  5 hobgoblins
  7 jackals
  10 kobolds
  7 quokkas
  A ball python (D:2)
  9 bats
  9 frilled lizards
  2 giant cockroach zombies (Ossuary)
  2 jackal zombies (Ossuary)
  A leopard gecko zombie (Ossuary)
  A quokka zombie (Ossuary)
  6 rats
  A plant (D:8)
228 creatures vanquished.

Vanquished Creatures (others)
  A centaur (D:9)
  An orc wizard (D:6)
  A withered plant (Ossuary)
3 creatures vanquished.

Grand Total: 231 creatures vanquished

Notes
Turn   | Place    | Note
-------+----------+-------------------------------------------
     0 | D:1      | Morbidden the Gnoll Fighter began the quest for the Orb.
     0 | D:1      | Reached XP level 1. HP: 23/23 MP: 1/1
   203 | D:1      | Reached XP level 2. HP: 28/29 MP: 2/2
   530 | D:1      | Reached XP level 3. HP: 35/35 MP: 3/3
   818 | D:2      | Found a white marble altar of Elyvilon.
  1218 | D:2      | Reached skill level 1 in Invocations
  1383 | D:2      | Found a burning altar of Makhleb.
  1422 | D:3      | Reached skill level 1 in Short Blades
  1422 | D:3      | Reached skill level 1 in Long Blades
  1422 | D:3      | Reached skill level 1 in Maces & Flails
  1422 | D:3      | Reached skill level 1 in Polearms
  1422 | D:3      | Reached skill level 1 in Staves
  1422 | D:3      | Reached skill level 1 in Slings
  1422 | D:3      | Reached skill level 1 in Bows
  1422 | D:3      | Reached skill level 1 in Crossbows
  1422 | D:3      | Reached skill level 1 in Throwing
  1422 | D:3      | Reached skill level 1 in Dodging
  1422 | D:3      | Reached skill level 1 in Stealth
  1422 | D:3      | Reached skill level 1 in Unarmed Combat
  1422 | D:3      | Reached skill level 1 in Spellcasting
  1422 | D:3      | Reached skill level 1 in Evocations
  1572 | D:3      | Reached XP level 4. HP: 41/41 MP: 5/5
  1797 | D:3      | Reached skill level 1 in Conjurations
  1797 | D:3      | Reached skill level 1 in Hexes
  1797 | D:3      | Reached skill level 1 in Charms
  1797 | D:3      | Reached skill level 1 in Summonings
  1797 | D:3      | Reached skill level 1 in Necromancy
  1797 | D:3      | Reached skill level 1 in Translocations
  1797 | D:3      | Reached skill level 1 in Transmutations
  1797 | D:3      | Reached skill level 1 in Fire Magic
  1797 | D:3      | Reached skill level 1 in Ice Magic
  1797 | D:3      | Reached skill level 1 in Air Magic
  1797 | D:3      | Reached skill level 1 in Earth Magic
  1797 | D:3      | Reached skill level 1 in Poison Magic
  1836 | D:3      | Reached XP level 5. HP: 35/47 MP: 6/6
  2380 | D:4      | Reached XP level 6. HP: 50/53 MP: 8/8
  2591 | D:4      | Reached skill level 5 in Axes
  2657 | D:4      | Noticed a phantom
  2682 | D:4      | Killed a phantom
  2682 | D:4      | Reached XP level 7. HP: 52/59 MP: 10/10
  2712 | D:4      | Found an ornate altar of the Wu Jian Council.
  2912 | D:4      | Found a stormy altar of Qazlal.
  2928 | D:4      | Found a hazy altar of Hepliaklqana.
  3251 | D:3      | Found a shadowy altar of Dithmenos.
  3317 | D:5      | Entered Level 5 of the Dungeon
  3335 | D:5      | Found a bloodstained altar of Trog.
  3491 | D:5      | Found a glowing golden altar of the Shining One.
  3646 | D:5      | Reached XP level 8. HP: 62/67 MP: 12/12
  3671 | D:5      | Found an iron altar of Okawaru.
  3696 | D:5      | Became a worshipper of Warmaster Okawaru
  3769 | D:5      | Noticed Menkaure
  3776 | D:5      | Killed Menkaure
  4064 | D:5      | Found a runed door.
  4214 | D:5      | Noticed Crazy Yiuf
  4221 | D:5      | Killed Crazy Yiuf
  4266 | D:6      | Noticed Grinder
  4268 | D:6      | Reached * piety under Okawaru
  4278 | D:6      | Paralysed by Grinder for 6 turns
  4318 | D:6      | Paralysed by Grinder for 4 turns
  4327 | D:6      | Paralysed by Grinder for 4 turns
  4334 | D:6      | Killed Grinder
  4340 | D:6      | Found a sand-covered staircase.
  4345 | Ossuary  | Entered an ossuary
  4410 | Ossuary  | Reached XP level 9. HP: 66/72 MP: 14/14
  4913 | D:6      | Reached ** piety under Okawaru
  5016 | D:6      | Found a hide-covered altar of Uskayaw.
  5033 | D:6      | Noticed Edmund
  5070 | D:6      | Killed Edmund
  5154 | D:6      | Reached skill level 5 in Short Blades
  5154 | D:6      | Reached skill level 5 in Long Blades
  5154 | D:6      | Reached skill level 5 in Maces & Flails
  5154 | D:6      | Reached skill level 5 in Polearms
  5154 | D:6      | Reached skill level 5 in Staves
  5154 | D:6      | Reached skill level 5 in Slings
  5154 | D:6      | Reached skill level 5 in Bows
  5154 | D:6      | Reached skill level 5 in Crossbows
  5154 | D:6      | Reached skill level 5 in Throwing
  5154 | D:6      | Reached skill level 5 in Dodging
  5154 | D:6      | Reached skill level 5 in Stealth
  5154 | D:6      | Reached skill level 5 in Unarmed Combat
  5154 | D:6      | Reached skill level 5 in Spellcasting
  5154 | D:6      | Reached skill level 5 in Evocations
  5154 | D:6      | Reached XP level 10. HP: 82/82 MP: 18/18
  5528 | D:7      | Found a staircase to the Ecumenical Temple.
  5540 | D:7      | Reached skill level 5 in Conjurations
  5540 | D:7      | Reached skill level 5 in Hexes
  5540 | D:7      | Reached skill level 5 in Charms
  5540 | D:7      | Reached skill level 5 in Summonings
  5540 | D:7      | Reached skill level 5 in Necromancy
  5540 | D:7      | Reached skill level 5 in Translocations
  5540 | D:7      | Reached skill level 5 in Transmutations
  5540 | D:7      | Reached skill level 5 in Fire Magic
  5540 | D:7      | Reached skill level 5 in Ice Magic
  5540 | D:7      | Reached skill level 5 in Air Magic
  5540 | D:7      | Reached skill level 5 in Earth Magic
  5540 | D:7      | Reached skill level 5 in Poison Magic
  5618 | D:7      | Reached *** piety under Okawaru
  6025 | D:8      | Found Jafuthou's Distillery.
  6113 | D:8      | Reached XP level 11. HP: 89/89 MP: 20/20
  6212 | D:8      | Noticed Psyche
  6226 | D:8      | Killed Psyche
  6432 | D:8      | Reached **** piety under Okawaru
  6463 | D:8      | Got a polished long sword
  6465 | D:8      | Identified the +10 long sword "Paropp" {elec, -Tele MR+
                  | Int+3} (You found it on level 8 of the Dungeon)
  6504 | D:8      | Found a staircase to the Lair.
  6581 | D:9      | Noticed a cyclops
  6596 | D:9      | Hit by a large rock thrown by a cyclops

Skill      XL: |  1  2  3  4  5  6  7  8  9 10 |
---------------+-------------------------------+-----
Invocations    | 1 2 3 4 6 |  6.9
Short Blades   | 1 2 3 5 6 |  6.3
Long Blades    | 1 2 3 5 6 |  6.3
Maces & Flails | 1 2 3 5 6 |  6.3
Polearms       | 1 2 3 5 6 |  6.3
Staves         | 1 2 3 5 6 |  6.3
Slings         | 1 2 3 5 6 |  6.3
Bows           | 1 2 3 5 6 |  6.3
Crossbows      | 1 2 3 5 6 |  6.3
Throwing       | 1 2 3 5 6 |  6.3
Dodging        | 1 2 3 5 6 |  6.3
Stealth        | 1 2 3 5 6 |  6.3
Unarmed Combat | 1 2 3 5 6 |  6.3
Spellcasting   | 1 2 3 5 6 |  6.3
Evocations     | 1 2 3 5 6 |  6.3
Conjurations   | 1 2 3 4 5 |  5.2
Hexes          | 1 2 3 4 5 |  5.2
Charms         | 1 2 3 4 5 |  5.2
Summonings     | 1 2 3 4 5 |  5.2
Necromancy     | 1 2 3 4 5 |  5.2
Translocations | 1 2 3 4 5 |  5.2
Transmutations | 1 2 3 4 5 |  5.2
Fire Magic     | 1 2 3 4 5 |  5.2
Ice Magic      | 1 2 3 4 5 |  5.2
Air Magic      | 1 2 3 4 5 |  5.2
Earth Magic    | 1 2 3 4 5 |  5.2
Poison Magic   | 1 2 3 4 5 |  5.2
Axes           | 5 7 |  7.9
Fighting       | 7 8 9 |  9.2
Armour         | 7 8 9 |  9.2
Shields        | 7 8 9 |  9.2

Action                   |  1- 3 |  4- 6 |  7- 9 | 10-12 || total
-------------------------+-------+-------+-------+-------++-------
Melee: War axe           |   122 |   144 |   408 |   195 ||   869
       Bite              |    10 |    13 |    63 |    30 ||   116
       Long sword        |       |       |       |    30 ||    30
Invok: Heroism           |       |       |     1 |       ||     1
  Use: Scroll            |       |     1 |    10 |     4 ||    15
       Potion            |       |     1 |     1 |       ||     2
  Eat: Chunk             |     2 |     4 |     5 |     6 ||    17
       Ration            |       |       |     1 |     1 ||     2
Armor: Scale mail        |    57 |    63 |    21 |       ||   141
       Chain mail        |       |       |   113 |    48 ||   161
       Plate armour      |       |       |       |    68 ||    68
Dodge: Dodged            |    43 |    47 |   109 |    70 ||   269
Block: Shield            |    89 |    77 |   198 |   160 ||   524
       Reflection        |       |       |       |     6 ||     6
       Rpst.: Long sword |       |       |       |     5 ||     5
